Canucks vs Maple Leafs
Created - March 20, 2021 at 19:49
Goals
|
| Canucks |
0 |
3 |
1 |
4 |
| Maple Leafs |
0 |
0 |
3 |
3 |
|
Shots
|
| Canucks |
13 |
8 |
8 |
29 |
| Maple Leafs |
12 |
6 |
15 |
33 |
|
1st period
No Goal
Penalties :
Daniel Sedin (Van) for Goalie Interference (Minor) at 1:09, John Klingberg (Tor) for Tripping (Minor) at 10:21, Logan Couture (Tor) for Hooking (Minor) at 16:50
2nd period
1. Canucks , Loui Eriksson 15 (Robert Nilsson 39) at 6:19 (PP)
2. Canucks , Jason Akeson 17 (Robert Nilsson 40, Jeremy Morin 16) at 10:29
3. Canucks , Rob Schremp 1 (Lane MacDermid 1, Seth Helgeson 1) at 11:33
Penalties :
Kevin Shattenkirk (Tor) for Hooking (Minor) at 0:25, Lane MacDermid (Van) for Hooking (Minor) at 2:39, Jake Guentzel (Tor) for Hooking (Minor) at 5:18, Kevin Shattenkirk (Tor) for Hooking (Minor) at 13:44, Calvin de Haan (Tor) for Hooking (Minor) at 18:39
3rd period
4. Maple Leafs , Jake Guentzel 10 (Hampus Lindholm 21, Logan Couture 19) at 2:02
5. Maple Leafs , Claude Giroux 21 (Patrick Kane 40, Brayden Schenn 36) at 2:26
6. Canucks , Ladislav Smid 4 (Robert Nilsson 41, Loui Eriksson 20) at 19:23
7. Maple Leafs , Claude Giroux 22 (Logan Couture 20) at 19:41 (SH)
Penalties :
Jason Akeson (Van) for High sticking (Minor) at 7:32, Brad Boyes (Van) for High sticking (Minor) at 11:27, Beau Bennett (Tor) for Tripping (Minor) at 19:28
Goalie Stats
Kari Lehtonen (Van), 30 saves from 33 shots - (0.909), W, 19-15-2, 60:00 minutes
John Gibson (Tor), 25 saves from 29 shots - (0.862), L, 13-16-5, 60:00 minutes
Players Stats for Canucks
Player Name G A P +/- PIM S H SB GA TA FO MP PP MP PK MP
------------------------------------------------------------------------------------
Andy Rogers 0 0 0 -1 0 3 0 1 0 1 0/0 29:47 7:03 4:48
Brad Boyes 0 0 0 0 2 2 4 0 0 1 0/1 11:58 4:36 0:00
Brandon Sutter 0 0 0 -1 0 3 3 0 0 1 8/11 20:06 4:36 2:37
Daniel Sedin 0 0 0 -1 2 1 4 0 0 1 1/1 22:25 6:51 2:09
James Wright 0 0 0 0 0 1 0 1 0 0 3/4 7:30 0:00 0:00
Jason Akeson 1 0 1 0 2 2 1 0 0 0 2/3 12:55 0:00 0:00
Jeremy Morin 0 1 1 0 0 3 0 1 0 2 1/1 16:53 4:36 0:00
Jonathan Blum 0 0 0 -1 0 0 1 0 0 1 0/0 10:06 0:00 0:00
Kurtis Foster 0 0 0 1 0 1 1 0 0 0 0/0 20:41 4:24 3:08
Ladislav Smid 1 0 1 0 0 2 3 0 0 1 0/0 29:13 7:03 4:48
Lane MacDermid 0 1 1 1 2 0 0 0 0 0 0/0 9:00 0:00 0:58
Loui Eriksson 1 1 2 -1 0 4 1 1 2 0 0/1 22:52 6:51 3:37
Mike Komisarek 0 0 0 0 0 1 2 1 0 0 0/0 17:44 4:24 3:08
Rob Schremp 1 0 1 1 0 1 1 0 0 0 3/4 7:45 0:00 0:00
Robert Nilsson 0 3 3 0 0 2 0 1 0 0 18/36 23:10 6:51 4:09
Ryane Clowe 0 0 0 0 0 1 0 0 0 0 1/1 10:11 0:00 2:22
Seth Helgeson 0 1 1 1 0 0 3 1 0 0 0/0 12:29 0:00 0:00
Spencer Machacek 0 0 0 1 0 2 3 0 0 1 0/0 7:15 0:00 0:00
Players Stats for Maple Leafs
Player Name G A P +/- PIM S H SB GA TA FO MP PP MP PK MP
------------------------------------------------------------------------------------
Andre Burakovsky 0 0 0 -2 0 4 0 0 0 0 2/3 9:26 0:00 0:00
Beau Bennett 0 0 0 -2 2 1 1 0 0 0 0/0 9:25 0:00 0:00
Ben Smith 0 0 0 1 0 0 0 0 1 0 0/0 13:16 3:50 0:00
Blake Comeau 0 0 0 0 0 0 1 0 0 0 1/2 7:09 0:28 0:00
Brayden Schenn 0 1 1 0 0 5 5 2 1 0 10/25 20:53 3:34 3:35
Braydon Coburn 0 0 0 1 0 1 3 1 0 0 0/0 20:55 3:17 3:35
Calvin de Haan 0 0 0 -1 2 1 0 0 1 0 0/0 12:47 0:00 3:34
Chris Kelly 0 0 0 0 0 0 1 0 0 0 3/5 9:32 0:00 1:52
Claude Giroux 2 0 2 1 0 8 1 0 2 0 1/4 25:27 3:33 7:27
Dany Heatley 0 0 0 0 0 0 0 0 0 0 0/0 7:54 0:33 0:38
Hampus Lindholm 0 1 1 1 0 0 1 5 0 1 0/0 21:04 3:17 3:37
Jake Guentzel 1 0 1 1 2 3 0 0 0 0 1/1 13:15 3:50 0:00
John Klingberg 0 0 0 0 2 0 0 6 1 1 0/0 29:07 4:39 6:49
Kevin Shattenkirk 0 0 0 0 4 4 2 0 1 0 0/0 28:06 4:39 5:19
Logan Couture 0 2 2 2 2 0 2 0 0 0 6/18 20:29 3:50 6:09
Mika Zibanejad 0 0 0 -2 0 4 2 0 0 0 1/4 10:16 0:32 0:00
Patrick Kane 0 1 1 0 0 2 1 0 1 0 1/1 20:35 3:38 3:13
Ryan Parent 0 0 0 -1 0 0 0 0 1 0 0/0 8:50 0:00 0:00
3 Stars
1 - Claude Giroux (Tor)
2 - Robert Nilsson (Van)
3 - Loui Eriksson (Van)
Power Play
Canucks - 1 on 7 Attempt(s) - 14.29%
Maple Leafs - 0 on 4 Attempt(s) - 0.00%
Penalty Kill
Canucks - 4 on 4 Attempt(s) - 100.00%
- Score 0 goal in Penalty Kill
Maple Leafs - 6 on 7 Attempt(s) - 85.71%
- Score 1 goal in Penalty Kill
Team Stat
Canucks - Hits : 27 - Faceoff Wins : 37 - Blocked Shots : 7 - Penalty Minutes : 8
Maple Leafs - Hits : 20 - Faceoff Wins : 26 - Blocked Shots : 14 - Penalty Minutes : 14
Official
Referees : Unknown
Linesman : Unknown
Game Notes
No Game Note
Finance
Level 1 -- Attendance: 4381 (73.02%) -- Ticket Income $481,910
Level 2 -- Attendance: 3643 (72.86%) -- Ticket Income $255,010
Level 3 -- Attendance: 1563 (78.15%) -- Ticket Income $71,898
Level 4 -- Attendance: 3159 (78.98%) -- Ticket Income $94,770
Luxury Box -- Attendance: 1000 (100.00%) -- Ticket Income $180,000
Game was played at the Maple Leafs Garden.
Total Attendance: 13746 (76.37%)
Total Ticket Income: $1,083,588
Other Income: $162,538
Total Income: $1,246,126
Canucks
5 vs 5 Forward
Center Left Wing Right Wing Time % Phy DF OF
1 Robert Nilsson Jeremy Morin Jason Akeson 40 1 2 2
2 Brandon Sutter Daniel Sedin Loui Eriksson 30 1 2 2
3 James Wright Ryane Clowe Brad Boyes 20 1 2 2
4 Rob Schremp Lane MacDermid Spencer Machacek 10 1 2 2
5 vs 5 Defense
Defense Defense Time % Phy DF OF
1 Ladislav Smid Andy Rogers 40 1 2 2
2 Kurtis Foster Seth Helgeson 30 1 2 2
3 Mike Komisarek Jonathan Blum 20 1 2 2
4 Ladislav Smid Andy Rogers 10 1 2 2
PowerPlay Forward
Center Left Wing Right Wing Time % Phy DF OF
1 Robert Nilsson Daniel Sedin Loui Eriksson 60 1 2 2
2 Brandon Sutter Jeremy Morin Brad Boyes 40 1 2 2
PowerPlay Defense
Defense Defense Time % Phy DF OF
1 Ladislav Smid Andy Rogers 60 1 2 2
2 Kurtis Foster Mike Komisarek 40 1 2 2
Penalty Kill 4 Players Forward
Center Wing Time % Phy DF OF
1 Robert Nilsson Loui Eriksson 60 1 2 2
2 Brandon Sutter Daniel Sedin 40 1 2 2
Penalty Kill 4 Players Defense
Defense Defense Time % Phy DF OF
1 Ladislav Smid Andy Rogers 60 1 2 2
2 Kurtis Foster Mike Komisarek 40 1 2 2
Penalty Kill - 3 Players Forward
Forward Time % Phy DF OF
1 Robert Nilsson 60 1 2 2
2 Loui Eriksson 40 1 2 2
Penalty Kill - 3 Players Defense
Defense Defense Time % Phy DF OF
1 Ladislav Smid Andy Rogers 60 1 2 2
2 Kurtis Foster Mike Komisarek 40 1 2 2
4 vs 4 Forward
Center Wing Time % Phy DF OF
1 Robert Nilsson Loui Eriksson 60 1 2 2
2 Brandon Sutter Daniel Sedin 40 1 2 2
4 vs 4 Defense
Defense Defense Time % Phy DF OF
1 Ladislav Smid Andy Rogers 60 1 2 2
2 Kurtis Foster Mike Komisarek 40 1 2 2
Last Minutes Offensive
Center Left Wing Right Wing Defense Defense
Robert Nilsson Daniel Sedin Loui Eriksson Ladislav Smid Andy Rogers
Last Minutes Defensive
Center Left Wing Right Wing Defense Defense
Robert Nilsson Daniel Sedin Loui Eriksson Ladislav Smid Andy Rogers
Goaltenders
Starting : Kari Lehtonen
Backup : Braden Holtby
Extra Forwards
Normal : Jason Akeson, Rob Schremp, Ryane Clowe - PP : Jason Akeson, Rob Schremp - PK : Ryane Clowe
Extra Defensemen
Normal : Seth Helgeson, Jonathan Blum, Kurtis Foster - PP : Seth Helgeson - PK : Jonathan Blum, Kurtis Foster
Penalty Shots
Robert Nilsson, Loui Eriksson, Brandon Sutter, Daniel Sedin, Brad Boyes
Scratches
Steve Eminger (Torn Left MCL Injury)
Maple Leafs
5 vs 5 Forward
Center Left Wing Right Wing Time % Phy DF OF
1 Brayden Schenn Claude Giroux Patrick Kane 40 1 2 2
2 Logan Couture Jake Guentzel Ben Smith 30 1 2 2
3 Mika Zibanejad Andre Burakovsky Beau Bennett 20 1 2 2
4 Chris Kelly Dany Heatley Blake Comeau 10 1 2 2
5 vs 5 Defense
Defense Defense Time % Phy DF OF
1 Kevin Shattenkirk John Klingberg 40 1 2 2
2 Braydon Coburn Hampus Lindholm 30 1 2 2
3 Ryan Parent Calvin de Haan 20 1 2 2
4 Kevin Shattenkirk John Klingberg 10 1 2 2
PowerPlay Forward
Center Left Wing Right Wing Time % Phy DF OF
1 Brayden Schenn Claude Giroux Patrick Kane 60 1 2 2
2 Logan Couture Jake Guentzel Ben Smith 40 1 2 2
PowerPlay Defense
Defense Defense Time % Phy DF OF
1 Kevin Shattenkirk John Klingberg 60 1 2 2
2 Braydon Coburn Hampus Lindholm 40 1 2 2
Penalty Kill 4 Players Forward
Center Wing Time % Phy DF OF
1 Logan Couture Claude Giroux 60 1 2 2
2 Brayden Schenn Patrick Kane 40 1 2 2
Penalty Kill 4 Players Defense
Defense Defense Time % Phy DF OF
1 Kevin Shattenkirk John Klingberg 60 1 2 2
2 Braydon Coburn Hampus Lindholm 40 1 2 2
Penalty Kill - 3 Players Forward
Forward Time % Phy DF OF
1 Brayden Schenn 60 1 2 2
2 Logan Couture 40 1 2 2
Penalty Kill - 3 Players Defense
Defense Defense Time % Phy DF OF
1 Kevin Shattenkirk John Klingberg 60 1 2 2
2 Braydon Coburn Hampus Lindholm 40 1 2 2
4 vs 4 Forward
Center Wing Time % Phy DF OF
1 Logan Couture Patrick Kane 60 1 2 2
2 Brayden Schenn Claude Giroux 40 1 2 2
4 vs 4 Defense
Defense Defense Time % Phy DF OF
1 Kevin Shattenkirk John Klingberg 60 1 2 2
2 Braydon Coburn Hampus Lindholm 40 1 2 2
Last Minutes Offensive
Center Left Wing Right Wing Defense Defense
Brayden Schenn Claude Giroux Patrick Kane Kevin Shattenkirk John Klingberg
Last Minutes Defensive
Center Left Wing Right Wing Defense Defense
Brayden Schenn Claude Giroux Patrick Kane Kevin Shattenkirk Braydon Coburn
Goaltenders
Starting : John Gibson
Backup : Tyler Weiman
Extra Forwards
Normal : Mika Zibanejad, Dany Heatley, Chris Kelly - PP : Mika Zibanejad, Dany Heatley - PK : Chris Kelly
Extra Defensemen
Normal : Ryan Parent, Calvin de Haan, Braydon Coburn - PP : Ryan Parent - PK : Calvin de Haan, Braydon Coburn
Penalty Shots
Claude Giroux, Patrick Kane, Brayden Schenn, Ben Smith, Logan Couture
Scratches
None
% Time on Ice - Canucks
Lines # - Real PCT - Wanted PCT - Time Play
Normal Forward
1 - 32% - 40% - 12:50
2 - 31% - 30% - 12:29
3 - 19% - 20% - 7:30
4 - 18% - 10% - 7:15
Normal Defense
1 - 43% - 40% - 17:19
2 - 33% - 30% - 13:23
3 - 22% - 20% - 8:45
4 - 2% - 10% - 0:37
PP Forward
1 - 60% - 60% - 6:51
2 - 40% - 40% - 4:36
PP Defense
1 - 62% - 60% - 7:03
2 - 38% - 40% - 4:24
PK Forward
1 - 75% - 60% - 5:57
2 - 25% - 40% - 1:59
PK Defense
1 - 61% - 60% - 4:48
2 - 39% - 40% - 3:08
PK3 Forward
1 - 0% - 60%
2 - 0% - 40%
PK3 Defense
1 - 0% - 60%
2 - 0% - 40%
44 Forward
1 - 0% - 60%
2 - 0% - 40%
44 Defense
1 - 0% - 60%
2 - 0% - 40%
Last Minute Offensive - 0:00
Last Minute Defensive - 0:33
Total
Forward - 60:00
Defense - 60:00
|
% Time on Ice - Maple Leafs
Lines # - Real PCT - Wanted PCT - Time Play
Normal Forward
1 - 36% - 40% - 14:15
2 - 25% - 30% - 10:01
3 - 24% - 20% - 9:26
4 - 16% - 10% - 6:23
Normal Defense
1 - 45% - 40% - 17:56
2 - 32% - 30% - 12:46
3 - 21% - 20% - 8:34
4 - 2% - 10% - 0:49
PP Forward
1 - 52% - 60% - 4:06
2 - 48% - 40% - 3:50
PP Defense
1 - 59% - 60% - 4:39
2 - 41% - 40% - 3:17
PK Forward
1 - 72% - 60% - 8:14
2 - 28% - 40% - 3:13
PK Defense
1 - 77% - 60% - 8:46
2 - 23% - 40% - 2:41
PK3 Forward
1 - 0% - 60%
2 - 0% - 40%
PK3 Defense
1 - 0% - 60%
2 - 0% - 40%
44 Forward
1 - 0% - 60%
2 - 0% - 40%
44 Defense
1 - 0% - 60%
2 - 0% - 40%
Last Minute Offensive - 0:32
Last Minute Defensive - 0:00
Total
Forward - 60:00
Defense - 60:00
|
Play-by-Play
1st period
0:01 of 1st period - Robert Nilsson wins face-off versus Brayden Schenn in neutral zone.
0:04 of 1st period - Snap shot by Jason Akeson.
0:04 of 1st period - Stopped by John Gibson without a rebound.
0:05 of 1st period - Brayden Schenn wins face-off versus Robert Nilsson in Maple Leafs zone.
0:13 of 1st period - Snap shot by Ladislav Smid.
0:13 of 1st period - Deflect By Patrick Kane.
0:13 of 1st period - Stopped by John Gibson with a rebound.
0:34 of 1st period - Snap shot by Daniel Sedin.
0:34 of 1st period - Shot Blocked by John Klingberg.
0:36 of 1st period - Snap shot by Loui Eriksson.
0:36 of 1st period - Stopped by John Gibson without a rebound.
0:37 of 1st period - Ryane Clowe wins face-off versus Logan Couture in Maple Leafs zone.
0:38 of 1st period - Wrist shot by Brad Boyes.
0:38 of 1st period - Shot Blocked by Hampus Lindholm.
1:09 of 1st period - Minor Penalty to Daniel Sedin for Goalie Interference.
1:10 of 1st period - Brayden Schenn wins face-off versus Robert Nilsson in Canucks zone.
1:10 of 1st period - Snap shot by Claude Giroux.
1:10 of 1st period - Shot Misses the Net.
1:34 of 1st period - Wrist shot by Brandon Sutter.
1:34 of 1st period - Shot Misses the Net.
3:00 of 1st period - Ryane Clowe is hit by Brayden Schenn and loses puck.
3:09 of 1st period - Penalty to Daniel Sedin is over, Daniel Sedin is back on ice.
3:47 of 1st period - Snap shot by Beau Bennett.
3:47 of 1st period - Shot Misses the Net.
3:49 of 1st period - Snap shot by Beau Bennett.
3:49 of 1st period - Deflect By Andre Burakovsky.
3:49 of 1st period - Shot Misses the Net.
3:49 of 1st period - Puck is out of play.
3:50 of 1st period - Chris Kelly wins face-off versus Robert Nilsson in Canucks zone.
4:03 of 1st period - Wrist shot by Robert Nilsson.
4:03 of 1st period - Shot Blocked by John Klingberg.
4:05 of 1st period - Slapshot by Andy Rogers.
4:05 of 1st period - Stopped by John Gibson with a rebound.
4:07 of 1st period - Snap shot by Jeremy Morin.
4:07 of 1st period - Shot Blocked by John Klingberg.
5:07 of 1st period - Snap shot by Beau Bennett.
5:07 of 1st period - Deflect By Andre Burakovsky.
5:07 of 1st period - Shot Misses the Net.
5:07 of 1st period - Puck is out of play.
5:08 of 1st period - Patrick Kane wins face-off versus James Wright in Canucks zone.
5:11 of 1st period - Snap shot by Patrick Kane.
5:11 of 1st period - Shot Blocked by James Wright.
5:13 of 1st period - Slapshot by Calvin de Haan.
5:13 of 1st period - Deflect By James Wright.
5:13 of 1st period - Stopped by Kari Lehtonen with a rebound.
6:27 of 1st period - Slapshot by Mika Zibanejad.
6:27 of 1st period - Stopped by Kari Lehtonen without a rebound.
6:28 of 1st period - Jason Akeson wins face-off versus Mika Zibanejad in Canucks zone.
6:33 of 1st period - Wrist shot by Robert Nilsson.
6:33 of 1st period - Shot Misses the Net.
6:55 of 1st period - Snap shot by Patrick Kane.
6:55 of 1st period - Stopped by Kari Lehtonen without a rebound.
6:56 of 1st period - Brandon Sutter wins face-off versus Brayden Schenn in Canucks zone.
7:27 of 1st period - Slapshot by Claude Giroux.
7:27 of 1st period - Shot Blocked by Loui Eriksson.
7:29 of 1st period - Wrist shot by Brayden Schenn.
7:29 of 1st period - Shot Misses the Net.
7:31 of 1st period - Snap shot by Claude Giroux.
7:31 of 1st period - Stopped by Kari Lehtonen with a rebound.
7:49 of 1st period - Wrist shot by Claude Giroux.
7:49 of 1st period - Stopped by Kari Lehtonen with a rebound.
8:07 of 1st period - Ladislav Smid is hit by Braydon Coburn and loses puck.
8:25 of 1st period - Wrist shot by Brandon Sutter.
8:25 of 1st period - Stopped by John Gibson with a rebound.
8:33 of 1st period - Braydon Coburn is hit by Brandon Sutter and loses puck.
8:44 of 1st period - Wrist shot by Claude Giroux.
8:44 of 1st period - Stopped by Kari Lehtonen without a rebound.
8:45 of 1st period - Robert Nilsson wins face-off versus Logan Couture in Canucks zone.
9:14 of 1st period - Beau Bennett is hit by Brad Boyes.
9:44 of 1st period - Slapshot by Lane MacDermid.
9:44 of 1st period - Deflect By Spencer Machacek.
9:44 of 1st period - Stopped by John Gibson without a rebound.
9:45 of 1st period - Rob Schremp wins face-off versus Logan Couture in Maple Leafs zone.
9:51 of 1st period - Icing by Ben Smith.
9:52 of 1st period - Robert Nilsson wins face-off versus Logan Couture in Maple Leafs zone.
9:57 of 1st period - Wrist shot by Jeremy Morin.
9:57 of 1st period - Stopped by John Gibson without a rebound.
9:58 of 1st period - Jason Akeson wins face-off versus Logan Couture in Maple Leafs zone.
10:21 of 1st period - Minor Penalty to John Klingberg for Tripping.
10:22 of 1st period - Claude Giroux wins face-off versus Robert Nilsson in Maple Leafs zone.
10:29 of 1st period - Loui Eriksson is hit by Claude Giroux and loses puck.
10:36 of 1st period - Claude Giroux is hit by Daniel Sedin and loses puck.
11:53 of 1st period - Patrick Kane is hit by Brad Boyes.
11:57 of 1st period - Brandon Sutter is hit by Brayden Schenn and loses puck.
12:18 of 1st period - Logan Couture is hit by Daniel Sedin and loses puck.
12:21 of 1st period - Penalty to John Klingberg is over, John Klingberg is back on ice.
13:15 of 1st period - Icing by Kevin Shattenkirk.
13:16 of 1st period - Brandon Sutter wins face-off versus Blake Comeau in Maple Leafs zone.
14:14 of 1st period - Brad Boyes is hit by Beau Bennett and loses puck.
15:11 of 1st period - Beau Bennett is hit by Jonathan Blum and loses puck.
15:16 of 1st period - Wrist shot by Spencer Machacek.
15:16 of 1st period - Deflect By Rob Schremp.
15:16 of 1st period - Shot Misses the Net.
15:16 of 1st period - Puck is out of play.
15:17 of 1st period - Jeremy Morin wins face-off versus Brayden Schenn in Maple Leafs zone.
15:28 of 1st period - Wrist shot by Claude Giroux.
15:28 of 1st period - Stopped by Kari Lehtonen with a rebound.
15:30 of 1st period - Slapshot by Brayden Schenn.
15:30 of 1st period - Stopped by Kari Lehtonen with a rebound.
15:46 of 1st period - Snap shot by Mika Zibanejad.
15:46 of 1st period - Stopped by Kari Lehtonen with a rebound.
15:48 of 1st period - Slapshot by Braydon Coburn.
15:48 of 1st period - Deflect By Andre Burakovsky.
15:48 of 1st period - Stopped by Kari Lehtonen with a rebound.
15:50 of 1st period - Slapshot by Hampus Lindholm.
15:50 of 1st period - Shot Misses the Net.
15:52 of 1st period - Slapshot by Kevin Shattenkirk.
15:52 of 1st period - Deflect By Andre Burakovsky.
15:52 of 1st period - Stopped by Kari Lehtonen with a rebound.
15:54 of 1st period - Slapshot by Kevin Shattenkirk.
15:54 of 1st period - Stopped by Kari Lehtonen without a rebound.
15:55 of 1st period - Daniel Sedin wins face-off versus Brayden Schenn in Canucks zone.
15:55 of 1st period - Daniel Sedin is hit by Brayden Schenn.
16:29 of 1st period - Snap shot by James Wright.
16:29 of 1st period - Stopped by John Gibson without a rebound.
16:30 of 1st period - Robert Nilsson wins face-off versus Logan Couture in Maple Leafs zone.
16:35 of 1st period - Slapshot by Jeremy Morin.
16:35 of 1st period - Stopped by John Gibson without a rebound.
16:36 of 1st period - Robert Nilsson wins face-off versus Logan Couture in Maple Leafs zone.
16:39 of 1st period - Snap shot by Jason Akeson.
16:39 of 1st period - Shot Misses the Net.
16:41 of 1st period - Wrist shot by Jeremy Morin.
16:41 of 1st period - Stopped by John Gibson with a rebound.
16:43 of 1st period - Wrist shot by Jeremy Morin.
16:43 of 1st period - Shot Misses the Net.
16:45 of 1st period - Snap shot by Jeremy Morin.
16:45 of 1st period - Shot Misses the Net.
16:50 of 1st period - Minor Penalty to Logan Couture for Hooking.
16:51 of 1st period - Chris Kelly wins face-off versus Robert Nilsson in Maple Leafs zone.
17:23 of 1st period - Wrist shot by Robert Nilsson.
17:23 of 1st period - Stopped by John Gibson with a rebound.
17:25 of 1st period - Snap shot by Robert Nilsson.
17:25 of 1st period - Shot Blocked by John Klingberg.
17:41 of 1st period - Snap shot by Robert Nilsson.
17:41 of 1st period - Deflect By Hampus Lindholm.
17:41 of 1st period - Shot Blocked by Hampus Lindholm.
17:41 of 1st period - Puck is out of play.
17:42 of 1st period - Chris Kelly wins face-off versus Brandon Sutter in Maple Leafs zone.
17:51 of 1st period - Snap shot by Brandon Sutter.
17:51 of 1st period - Stopped by John Gibson without a rebound.
17:52 of 1st period - Brandon Sutter wins face-off versus Chris Kelly in Maple Leafs zone.
18:18 of 1st period - Off-side.
18:19 of 1st period - Robert Nilsson wins face-off versus Brayden Schenn in neutral zone.
18:24 of 1st period - Patrick Kane is hit by Ladislav Smid.
18:50 of 1st period - Penalty to Logan Couture is over, Logan Couture is back on ice.
19:24 of 1st period - Braydon Coburn is hit by Brad Boyes and loses puck.
19:51 of 1st period - Wrist shot by Brandon Sutter.
19:51 of 1st period - Deflect By Claude Giroux.
19:51 of 1st period - Stopped by John Gibson without a rebound.
19:52 of 1st period - Andre Burakovsky wins face-off versus Robert Nilsson in Maple Leafs zone.
Goals for this period are 0 for Canucks vs 0 for Maple Leafs.
Shots for this period are 13 for Canucks vs 12 for Maple Leafs.
2nd period
0:01 of 2nd period - Brayden Schenn wins face-off versus Robert Nilsson in neutral zone.
0:25 of 2nd period - Minor Penalty to Kevin Shattenkirk for Hooking.
0:26 of 2nd period - Robert Nilsson wins face-off versus Logan Couture in Maple Leafs zone.
0:59 of 2nd period - Wrist shot by Brayden Schenn.
0:59 of 2nd period - Deflect By Brad Boyes.
0:59 of 2nd period - Stopped by Kari Lehtonen without a rebound.
1:00 of 2nd period - Brandon Sutter wins face-off versus Brayden Schenn in Canucks zone.
1:19 of 2nd period - Claude Giroux is hit by Brandon Sutter and loses puck.
1:34 of 2nd period - Slapshot by Kurtis Foster.
1:34 of 2nd period - Shot Blocked by Hampus Lindholm.
2:25 of 2nd period - Penalty to Kevin Shattenkirk is over, Kevin Shattenkirk is back on ice.
2:39 of 2nd period - Minor Penalty to Lane MacDermid for Hooking.
2:40 of 2nd period - Jake Guentzel wins face-off versus Robert Nilsson in Canucks zone.
2:54 of 2nd period - Ladislav Smid is hit by Kevin Shattenkirk and loses puck.
3:13 of 2nd period - Loui Eriksson is hit by Kevin Shattenkirk and loses puck.
3:24 of 2nd period - John Klingberg is hit by Ladislav Smid and loses puck.
3:33 of 2nd period - Snap shot by Daniel Sedin.
3:33 of 2nd period - Deflect By Patrick Kane.
3:33 of 2nd period - Shot Misses the Net.
3:33 of 2nd period - Puck is out of play.
3:34 of 2nd period - Robert Nilsson wins face-off versus Brayden Schenn in Maple Leafs zone.
4:21 of 2nd period - Robert Nilsson is hit by Patrick Kane.
4:39 of 2nd period - Penalty to Lane MacDermid is over, Lane MacDermid is back on ice.
4:49 of 2nd period - Snap shot by Andre Burakovsky.
4:49 of 2nd period - Deflect By Beau Bennett.
4:49 of 2nd period - Stopped by Kari Lehtonen with a rebound.
4:57 of 2nd period - Slapshot by Mika Zibanejad.
4:57 of 2nd period - Deflect By Andre Burakovsky.
4:57 of 2nd period - Shot Blocked by Mike Komisarek.
4:57 of 2nd period - Puck is out of play.
4:58 of 2nd period - Blake Comeau wins face-off versus Rob Schremp in Canucks zone.
4:59 of 2nd period - Slapshot by Calvin de Haan.
4:59 of 2nd period - Shot Blocked by Seth Helgeson.
5:06 of 2nd period - Off-side.
5:07 of 2nd period - Rob Schremp wins face-off versus Chris Kelly in neutral zone.
5:11 of 2nd period - Off-side.
5:12 of 2nd period - Logan Couture wins face-off versus Robert Nilsson in neutral zone.
5:18 of 2nd period - Minor Penalty to Jake Guentzel for Hooking.
5:19 of 2nd period - Logan Couture wins face-off versus Robert Nilsson in Maple Leafs zone.
6:10 of 2nd period - Braydon Coburn is hit by Mike Komisarek and loses puck.
6:15 of 2nd period - Snap shot by Brandon Sutter.
6:15 of 2nd period - Shot Misses the Net.
6:17 of 2nd period - Wrist shot by Brad Boyes.
6:17 of 2nd period - Stopped by John Gibson without a rebound.
6:18 of 2nd period - Robert Nilsson wins face-off versus Brayden Schenn in Maple Leafs zone.
6:19 of 2nd period - Snap shot by Loui Eriksson.
6:19 of 2nd period - Goal by Loui Eriksson - Canucks : 1 - Maple Leafs : 0.
6:20 of 2nd period - Brayden Schenn wins face-off versus Robert Nilsson in neutral zone.
6:26 of 2nd period - Slapshot by Kevin Shattenkirk.
6:26 of 2nd period - Stopped by Kari Lehtonen with a rebound.
7:18 of 2nd period - Snap shot by Ben Smith.
7:18 of 2nd period - Shot Blocked by Andy Rogers.
8:02 of 2nd period - Off-side.
8:03 of 2nd period - Brayden Schenn wins face-off versus Loui Eriksson in neutral zone.
8:11 of 2nd period - Snap shot by Claude Giroux.
8:11 of 2nd period - Shot Misses the Net.
8:13 of 2nd period - Snap shot by Patrick Kane.
8:13 of 2nd period - Stopped by Kari Lehtonen with a rebound.
8:15 of 2nd period - Snap shot by Claude Giroux.
8:15 of 2nd period - Stopped by Kari Lehtonen without a rebound.
8:16 of 2nd period - Robert Nilsson wins face-off versus Brayden Schenn in Canucks zone.
8:25 of 2nd period - Wrist shot by Patrick Kane.
8:25 of 2nd period - Shot Misses the Net.
8:43 of 2nd period - John Klingberg is hit by Daniel Sedin and loses puck.
8:47 of 2nd period - Icing by John Klingberg.
8:48 of 2nd period - Brandon Sutter wins face-off versus Logan Couture in Maple Leafs zone.
8:51 of 2nd period - Snap shot by Daniel Sedin.
8:51 of 2nd period - Shot Misses the Net.
8:57 of 2nd period - Wrist shot by Loui Eriksson.
8:57 of 2nd period - Shot Misses the Net.
9:34 of 2nd period - Wrist shot by Daniel Sedin.
9:34 of 2nd period - Shot Misses the Net.
9:36 of 2nd period - Wrist shot by Loui Eriksson.
9:36 of 2nd period - Shot Hit the Post.
9:48 of 2nd period - Loui Eriksson is hit by Logan Couture and loses puck.
9:56 of 2nd period - Icing by Jonathan Blum.
9:57 of 2nd period - Brandon Sutter wins face-off versus Brayden Schenn in Canucks zone.
10:29 of 2nd period - Snap shot by Jason Akeson.
10:29 of 2nd period - Goal by Jason Akeson - Canucks : 2 - Maple Leafs : 0.
10:30 of 2nd period - Robert Nilsson wins face-off versus Brayden Schenn in neutral zone.
10:33 of 2nd period - Snap shot by Robert Nilsson.
10:33 of 2nd period - Shot Blocked by Brayden Schenn.
10:54 of 2nd period - Icing by Robert Nilsson.
10:55 of 2nd period - Andre Burakovsky wins face-off versus Brad Boyes in Canucks zone.
11:08 of 2nd period - Slapshot by Ladislav Smid.
11:08 of 2nd period - Deflect By Brad Boyes.
11:08 of 2nd period - Stopped by John Gibson with a rebound.
11:10 of 2nd period - Wrist shot by Ryane Clowe.
11:10 of 2nd period - Stopped by John Gibson with a rebound.
11:24 of 2nd period - Mika Zibanejad is hit by Rob Schremp and loses puck.
11:33 of 2nd period - Snap shot by Rob Schremp.
11:33 of 2nd period - Goal by Rob Schremp - Canucks : 3 - Maple Leafs : 0.
11:34 of 2nd period - Brayden Schenn wins face-off versus Robert Nilsson in neutral zone.
11:51 of 2nd period - Wrist shot by Claude Giroux.
11:51 of 2nd period - Shot Blocked by Jeremy Morin.
12:09 of 2nd period - Wrist shot by Ben Smith.
12:09 of 2nd period - Deflect By Jake Guentzel.
12:09 of 2nd period - Stopped by Kari Lehtonen without a rebound.
12:10 of 2nd period - Brandon Sutter wins face-off versus Brayden Schenn in Canucks zone.
12:35 of 2nd period - Jeremy Morin is hit by Braydon Coburn and loses puck.
12:46 of 2nd period - Snap shot by Jason Akeson.
12:46 of 2nd period - Shot Blocked by Hampus Lindholm.
13:16 of 2nd period - Chris Kelly is hit by Spencer Machacek and loses puck.
13:44 of 2nd period - Minor Penalty to Kevin Shattenkirk for Hooking.
13:45 of 2nd period - Robert Nilsson wins face-off versus Logan Couture in Maple Leafs zone.
14:25 of 2nd period - John Klingberg is hit by Brad Boyes and loses puck.
14:42 of 2nd period - Logan Couture is hit by Loui Eriksson.
15:33 of 2nd period - Daniel Sedin is hit by Brayden Schenn and loses puck.
15:44 of 2nd period - Penalty to Kevin Shattenkirk is over, Kevin Shattenkirk is back on ice.
15:56 of 2nd period - Snap shot by Spencer Machacek.
15:56 of 2nd period - Stopped by John Gibson with a rebound.
18:25 of 2nd period - Chris Kelly is hit by Spencer Machacek and loses puck.
18:39 of 2nd period - Minor Penalty to Calvin de Haan for Hooking.
18:40 of 2nd period - Robert Nilsson wins face-off versus Logan Couture in Maple Leafs zone.
18:41 of 2nd period - Snap shot by Loui Eriksson.
18:41 of 2nd period - Shot Misses the Net.
19:03 of 2nd period - Kevin Shattenkirk is hit by Daniel Sedin and loses puck.
19:14 of 2nd period - Snap shot by Robert Nilsson.
19:14 of 2nd period - Shot Hit the Post.
19:34 of 2nd period - Snap shot by Loui Eriksson.
19:34 of 2nd period - Stopped by John Gibson with a rebound.
19:40 of 2nd period - Snap shot by Loui Eriksson.
19:40 of 2nd period - Shot Misses the Net.
Goals for this period are 3 for Canucks vs 0 for Maple Leafs.
Shots for this period are 8 for Canucks vs 6 for Maple Leafs.
3rd period
0:01 of 3rd period - Logan Couture wins face-off versus Robert Nilsson in neutral zone.
0:10 of 3rd period - Snap shot by John Klingberg.
0:10 of 3rd period - Shot Misses the Net.
0:39 of 3rd period - Penalty to Calvin de Haan is over, Calvin de Haan is back on ice.
0:45 of 3rd period - John Klingberg is hit by Seth Helgeson and loses puck.
1:02 of 3rd period - Rob Schremp is hit by Mika Zibanejad and loses puck.
1:23 of 3rd period - Snap shot by Spencer Machacek.
1:23 of 3rd period - Shot Misses the Net.
1:25 of 3rd period - Slapshot by Kurtis Foster.
1:25 of 3rd period - Stopped by John Gibson without a rebound.
1:26 of 3rd period - Robert Nilsson wins face-off versus Brayden Schenn in Maple Leafs zone.
1:41 of 3rd period - Slapshot by Jeremy Morin.
1:41 of 3rd period - Shot Blocked by Brayden Schenn.
1:53 of 3rd period - Ladislav Smid is hit by Braydon Coburn.
2:02 of 3rd period - Snap shot by Hampus Lindholm.
2:02 of 3rd period - Deflect By Jake Guentzel.
2:02 of 3rd period - Goal by Jake Guentzel - Canucks : 3 - Maple Leafs : 1.
2:03 of 3rd period - Brayden Schenn wins face-off versus Robert Nilsson in neutral zone.
2:12 of 3rd period - Slapshot by Brayden Schenn.
2:12 of 3rd period - Stopped by Kari Lehtonen without a rebound.
2:13 of 3rd period - Brayden Schenn wins face-off versus Robert Nilsson in Canucks zone.
2:26 of 3rd period - Wrist shot by Claude Giroux.
2:26 of 3rd period - Goal by Claude Giroux - Canucks : 3 - Maple Leafs : 2.
2:27 of 3rd period - Robert Nilsson wins face-off versus Claude Giroux in neutral zone.
2:32 of 3rd period - Slapshot by Ladislav Smid.
2:32 of 3rd period - Shot Misses the Net.
2:44 of 3rd period - Wrist shot by Claude Giroux.
2:44 of 3rd period - Deflect By Brayden Schenn.
2:44 of 3rd period - Stopped by Kari Lehtonen with a rebound.
3:02 of 3rd period - Wrist shot by Jake Guentzel.
3:02 of 3rd period - Stopped by Kari Lehtonen without a rebound.
3:03 of 3rd period - Brandon Sutter wins face-off versus Claude Giroux in Canucks zone.
3:18 of 3rd period - Slapshot by Kurtis Foster.
3:18 of 3rd period - Shot Blocked by Braydon Coburn.
3:48 of 3rd period - Slapshot by Kevin Shattenkirk.
3:48 of 3rd period - Stopped by Kari Lehtonen without a rebound.
3:49 of 3rd period - James Wright wins face-off versus Andre Burakovsky in Canucks zone.
4:01 of 3rd period - Icing by Kevin Shattenkirk.
4:02 of 3rd period - Mika Zibanejad wins face-off versus Jason Akeson in Maple Leafs zone.
4:15 of 3rd period - Wrist shot by Andre Burakovsky.
4:15 of 3rd period - Stopped by Kari Lehtonen with a rebound.
4:17 of 3rd period - Slapshot by Andre Burakovsky.
4:17 of 3rd period - Deflect By Mika Zibanejad.
4:17 of 3rd period - Stopped by Kari Lehtonen without a rebound.
4:18 of 3rd period - Brayden Schenn wins face-off versus Brandon Sutter in Canucks zone.
4:25 of 3rd period - Snap shot by Brayden Schenn.
4:25 of 3rd period - Stopped by Kari Lehtonen without a rebound.
4:26 of 3rd period - Brayden Schenn wins face-off versus Brandon Sutter in Canucks zone.
4:27 of 3rd period - Slapshot by Claude Giroux.
4:27 of 3rd period - Stopped by Kari Lehtonen with a rebound.
6:03 of 3rd period - Snap shot by Brandon Sutter.
6:03 of 3rd period - Shot Misses the Net.
6:05 of 3rd period - Snap shot by Daniel Sedin.
6:05 of 3rd period - Shot Blocked by John Klingberg.
6:11 of 3rd period - Snap shot by Daniel Sedin.
6:11 of 3rd period - Stopped by John Gibson with a rebound.
6:13 of 3rd period - Slapshot by Andy Rogers.
6:13 of 3rd period - Stopped by John Gibson with a rebound.
6:15 of 3rd period - Backhand shot by Loui Eriksson.
6:15 of 3rd period - Shot Blocked by John Klingberg.
6:17 of 3rd period - Snap shot by Andy Rogers.
6:17 of 3rd period - Stopped by John Gibson with a rebound.
6:19 of 3rd period - Backhand shot by Ladislav Smid.
6:19 of 3rd period - Shot Hit the Post.
6:21 of 3rd period - Snap shot by Ladislav Smid.
6:21 of 3rd period - Shot Misses the Net.
6:23 of 3rd period - Snap shot by Loui Eriksson.
6:23 of 3rd period - Stopped by John Gibson without a rebound.
6:24 of 3rd period - Logan Couture wins face-off versus Robert Nilsson in Maple Leafs zone.
6:30 of 3rd period - Jake Guentzel is hit by Jason Akeson and loses puck.
6:39 of 3rd period - Wrist shot by Jeremy Morin.
6:39 of 3rd period - Shot Misses the Net.
6:41 of 3rd period - Snap shot by Robert Nilsson.
6:41 of 3rd period - Shot Misses the Net.
7:17 of 3rd period - Snap shot by Spencer Machacek.
7:17 of 3rd period - Shot Misses the Net.
7:32 of 3rd period - Minor Penalty to Jason Akeson for High sticking.
7:33 of 3rd period - Logan Couture wins face-off versus Robert Nilsson in Canucks zone.
7:42 of 3rd period - Wrist shot by Ben Smith.
7:42 of 3rd period - Shot Blocked by Robert Nilsson.
8:20 of 3rd period - Kevin Shattenkirk is hit by Ladislav Smid and loses puck.
8:35 of 3rd period - Andy Rogers is hit by Hampus Lindholm and loses puck.
8:46 of 3rd period - Daniel Sedin is hit by Mika Zibanejad and loses puck.
8:51 of 3rd period - Slapshot by Kevin Shattenkirk.
8:51 of 3rd period - Stopped by Kari Lehtonen with a rebound.
9:19 of 3rd period - Loui Eriksson is hit by Logan Couture and loses puck.
9:32 of 3rd period - Penalty to Jason Akeson is over, Jason Akeson is back on ice.
9:44 of 3rd period - Andre Burakovsky is hit by Spencer Machacek and loses puck.
10:16 of 3rd period - Off-side.
10:17 of 3rd period - Rob Schremp wins face-off versus Brayden Schenn in neutral zone.
10:26 of 3rd period - Wrist shot by Jason Akeson.
10:26 of 3rd period - Shot Misses the Net.
10:28 of 3rd period - Wrist shot by Jeremy Morin.
10:28 of 3rd period - Shot Misses the Net.
10:30 of 3rd period - Slapshot by Jason Akeson.
10:30 of 3rd period - Shot Blocked by Hampus Lindholm.
10:52 of 3rd period - Blake Comeau is hit by Brandon Sutter and loses puck.
11:05 of 3rd period - Icing by Seth Helgeson.
11:06 of 3rd period - James Wright wins face-off versus Mika Zibanejad in Canucks zone.
11:15 of 3rd period - Snap shot by Andre Burakovsky.
11:15 of 3rd period - Stopped by Kari Lehtonen with a rebound.
11:17 of 3rd period - Slapshot by Mika Zibanejad.
11:17 of 3rd period - Stopped by Kari Lehtonen with a rebound.
11:27 of 3rd period - Minor Penalty to Brad Boyes for High sticking.
11:28 of 3rd period - Robert Nilsson wins face-off versus Brayden Schenn in Canucks zone.
11:37 of 3rd period - Robert Nilsson is hit by Brayden Schenn and loses puck.
13:27 of 3rd period - Penalty to Brad Boyes is over, Brad Boyes is back on ice.
13:32 of 3rd period - Brad Boyes is hit by Blake Comeau and loses puck.
14:51 of 3rd period - Slapshot by Braydon Coburn.
14:51 of 3rd period - Stopped by Kari Lehtonen with a rebound.
16:43 of 3rd period - Ben Smith is hit by Seth Helgeson and loses puck.
16:54 of 3rd period - John Klingberg is hit by Kurtis Foster and loses puck.
17:09 of 3rd period - John Klingberg is hit by Mike Komisarek and loses puck.
17:28 of 3rd period - Lane MacDermid is hit by Chris Kelly and loses puck.
18:44 of 3rd period - Chris Kelly is hit by Seth Helgeson and loses puck.
19:07 of 3rd period - Slapshot by Mike Komisarek.
19:07 of 3rd period - Stopped by John Gibson without a rebound.
19:08 of 3rd period - Joel Quenneville call a timeout for Maple Leafs.
19:08 of 3rd period - Robert Nilsson wins face-off versus Claude Giroux in Maple Leafs zone.
19:21 of 3rd period - Slapshot by Robert Nilsson.
19:21 of 3rd period - Stopped by John Gibson with a rebound.
19:23 of 3rd period - Slapshot by Ladislav Smid.
19:23 of 3rd period - Goal by Ladislav Smid - Canucks : 4 - Maple Leafs : 2.
19:24 of 3rd period - James Wright wins face-off versus Mika Zibanejad in neutral zone.
19:28 of 3rd period - Minor Penalty to Beau Bennett for Tripping.
19:29 of 3rd period - Logan Couture wins face-off versus Robert Nilsson in Maple Leafs zone.
19:41 of 3rd period - Wrist shot by Claude Giroux.
19:41 of 3rd period - Goal by Claude Giroux - Canucks : 4 - Maple Leafs : 3.
19:42 of 3rd period - Robert Nilsson wins face-off versus Logan Couture in neutral zone.
Goals for this period are 1 for Canucks vs 3 for Maple Leafs.
Shots for this period are 8 for Canucks vs 15 for Maple Leafs.
Output by the SimonT Hockey Simulator (STHS) for Francois Prevost